 Dungeon Crawl Stone Soup version 0.30.0-29-ga12c61a403 (webtiles) character file.

Game seed: 625039766143451125

137938 Dadbod the Severer (level 17, -1/128 HPs)
             Began as a Formicid Fighter on June 6, 2023.
             Was the Champion of Makhleb.
             Slain by a spriggan
             ... wielding a +0 rapier
             ... led by a spriggan druid
              (4 damage)
             ... on level 3 of the Swamp.
             The game lasted 02:44:22 (31513 turns).

Dadbod the Severer (Formicid Fighter)              Turns: 31513, Time: 02:44:23

Health: -1/128     AC: 13    Str: 30    XL:     17   Next: 84%
Magic:  23/23      EV: 10    Int:  9    God:    Makhleb [******]
Gold:   853        SH: 18    Dex: 13    Spells: 16/16 levels left

rFire   + . .        x - +16 consecrated labrys {holy, Valiant Fragile Fly SInv}
rCold   + . .        R - +2 kite shield {rC+}
rNeg    . . .        G - +3 plate armour
rPois   +            (helmet unavailable)
rElec   .            M - scarf {shadows}
rCorr   .            g - +0 pair of gloves
SInv    +            H - +0 pair of boots of Negation {rPois Str+4}
Will    +....        P - amulet of reflection Stlth
                     Z - ring of protection from fire
HPRegen 0.41/turn    f - ring of Shadows {Umbra +Inv Stlth+}
MPRegen 0.18/turn

%: reflection
@: corroded, flying, wreathed by umbra, invisible
A: permanent stasis, dig shafts and tunnels, antennae 3, four strong arms, weak
1
a: Dig, Shaft Self, Renounce Religion, Evoke Invisibility, Minor Destruction,
Lesser Servant of Makhleb, Major Destruction, Greater Servant of Makhleb


You were on level 3 of the Swamp.
You worshipped Makhleb.
Makhleb was exalted by your worship.
You visited 6 branches of the dungeon, and saw 28 of its levels.
You also visited: Gauntlet and Ice Cave.

You collected 2971 gold pieces.
You spent 2118 gold pieces at shops.

Inventory:

Hand Weapons
 x - the +16 consecrated labrys (weapon) {holy, Valiant Fragile Fly SInv}
   (You bought it in a shop on level 8 of the Dungeon)

   Valiant:   It becomes more powerful as more dangerous foes come into view.
   SInv:      It lets you see invisible.
   Fly:       It grants you flight.
   Fragile:   It will be destroyed if unequipped.
Missiles
 b - 3 boomerangs (quivered)
 k - 6 javelins
 o - 22 poisoned darts
 r - 2 throwing nets
 t - 3 atropa-tipped darts
 O - 4 datura-tipped darts
 T - 2 silver javelins
 Y - 5 curare-tipped darts
Armour
 d - the +2 chain mail of Tender Moments {Will+ Stlth+}
   (You found it on level 4 of the Dungeon)

   Will:      It increases your willpower.
   Stlth:     It makes you more stealthy.
 g - a +0 pair of gloves (worn)
 C - a +1 cloak of poison resistance
 G - a +3 plate armour (worn)
 H - the +0 pair of boots of Negation (worn) {rPois Str+4}
   (You found it in a Gauntlet)

   Str:       It affects your strength (+4).
   rPois:     It protects you from poison.
 M - a scarf of shadows (worn)
 R - a +2 kite shield of cold resistance (worn)
Jewellery
 f - the ring of Shadows (right hand) {Umbra +Inv Stlth+}
   (You took it off a minotaur in a Gauntlet)

   [ring of stealth]

   Umbra:     It surrounds you with an aura of shadow, increasing your stealth
   and reducing the accuracy of all others within it.
   +Inv:      It lets you turn invisible.
   Stlth:     It makes you more stealthy.
 l - an amulet of the acrobat
 B - a +4 ring of slaying
 L - a ring of protection from cold
 P - an amulet of reflection (around neck)
 Z - a ring of protection from fire (left hand)
Wands
 j - a wand of paralysis (19)
 n - a wand of flame (24)
 D - a wand of mindburst (7)
 E - a wand of roots (23)
 I - a wand of polymorph (10)
 X - a wand of quicksilver (22)
Scrolls
 a - 2 scrolls of brand weapon
 c - a scroll of amnesia
 s - a scroll of fog
 y - 3 scrolls of magic mapping
 z - 5 scrolls of enchant weapon
 A - 7 scrolls of enchant armour
 Q - 9 scrolls of identify
 S - 3 scrolls of poison
 U - a scroll of silence
Potions
 e - 7 potions of flight
 h - 2 potions of magic
 q - 2 potions of might
 N - 3 potions of invisibility
 V - 3 potions of attraction
 W - 3 potions of curing
Miscellaneous
 u - a phantom mirror (inert)
 w - a phial of floods (inert)
 J - a condenser vane (inert)
 K - a box of beasts (inert)


   Skills:
 * Level 10.1 Fighting
 * Level 18.0(19.3) Axes
 - Level 11.9(16.4) Maces & Flails
 * Level 7.1 Throwing
 * Level 11.5 Armour
 * Level 7.2 Dodging
 - Level 5.0 Stealth
 * Level 10.5 Shields
 * Level 8.4 Invocations
 * Level 11.0 Evocations


You had 16 spell levels left.
You didn't know any spells.
Your spell library contained the following spells:

 Spells                   Type           Power      Damage    Failure   Level
 Freeze                   Ice            0%         1d3       99%         1
 Necrotise                Necr           0%         1d4       99%         1
 Slow                     Hex            0%         N/A       99%         1
 Sting                    Tmut/Pois      0%         1d3       99%         1
 Ensorcelled Hibernation  Hex/Ice        0%         N/A       99%         2
 Passwall                 Tmut/Erth      0%         N/A       99%         2
 Scorch                   Fire           0%         2d5       99%         2
 Call Canine Familiar     Summ           0%         N/A       100%        3
 Confusing Touch          Hex            0%         N/A       100%        3
 Dazzling Flash           Conj/Hex       0%         N/A       100%        3
 Frozen Ramparts          Ice            0%         1d1       100%        3
 Gell's Gravitas          Tloc           0%         N/A       100%        3
 Hailstorm                Conj/Ice       0%         3d3       100%        3
 Ozocubu's Armour         Ice            0%         N/A       100%        3
 Portal Projectile        Hex/Tloc       0%         N/A       100%        3
 Spider Form              Tmut/Pois      0%         N/A       100%        3
 Teleport Other           Tloc           0%         N/A       100%        3
 Vampiric Draining        Necr           0%         2d6       100%        3
 Volatile Blastmotes      Fire/Tloc      0%         2d10      100%        3
 Anguish                  Hex/Necr       0%         N/A       100%        4
 Flame Wave               Conj/Fire      0%         2d4       100%        4
 Iskenderun's Mystic Bla  Conj/Tloc      0%         2d3       100%        4
 Leda's Liquefaction      Hex/Erth       0%         N/A       100%        4
 Petrify                  Tmut/Erth      0%         N/A       100%        4
 Agony                    Necr           0%         N/A       100%        5
 Arcjolt                  Conj/Air       0%         1d10      100%        5
 Metabolic Englaciation   Hex/Ice        0%         N/A       100%        5
 Dispersal                Tloc           0%         N/A       100%        6
 Simulacrum               Ice/Necr       0%         N/A       100%        6
 Starburst                Conj/Fire      0%         6d3       100%        6
 Summon Cactus Giant      Summ           0%         N/A       100%        6
 Ozocubu's Refrigeration  Ice            0%         4d7       100%        7
 Storm Form               Tmut/Air       0%         N/A       100%        7
 Maxwell's Capacitive Co  Air            0%         ∞         100%        8
 Chain Lightning          Conj/Air       0%         N/A       100%        9
 Fire Storm               Conj/Fire      0%         5d1       100%        9
 Polar Vortex             Ice            0%         N/A       100%        9
 Shatter                  Erth           0%         3d5*      100%        9
 Swiftness                Air            Unusable   N/A       N/A         3
 Vhi's Electric Charge    Tloc/Air       Unusable   N/A       N/A         3

Dungeon Overview and Level Annotations

Branches:
Dungeon (15/15)            Temple (1/1) D:6            Lair (5/5) D:10
  Swamp (3/4) Lair:3        Snake (2/4) Lair:2        Slime (0/5) Lair:5
    Orc (2/2) D:10            Elf (0/3) Orc:2        Vaults (0/5) D:14
 Depths (0/4) D:15          IceCv (visited)         Gauntlet (visited)

Altars:
Ashenzari
Cheibriados
Dithmenos
Elyvilon
Fedhas
Gozag
Hepliaklqana
Kikubaaqudgha
Makhleb
Nemelex Xobeh
Okawaru
Qazlal
Ru
Sif Muna
Trog
Uskayaw
Vehumet
Wu Jian
Xom
Yredelemnul
Zin
The Shining One
Jiyva

Shops:
D:8 *   D:9 *[*?   D:10 [   D:13 [![:[   Orc:2 *=(?

Portals:
Hell: Lair:5

Annotations:
D:4 1 runed translucent door, superbruh's ghost, amateur MiHu
D:6 exclusion: oklob plant


Innate Abilities, Weirdness & Mutations

You cannot be hasted, slowed, berserked, paralysed or teleported.
You can dig through walls and to a lower floor.
You have a pair of large antennae on your head. (SInv)
Your four strong arms can wield two-handed weapons with a shield.
You are weak. (Str -2)


Message History

You block stone arrow... and reflect it back!
The stone arrow hits the spriggan druid!!
The spriggan rider throws a stone.
You block the stone with an invisible shield... and reflect it back!
The stone hits the spriggan rider!
You feel better.
The bunyip gives a hideous shriek!
A tyrant leech comes into view.
Found a wand of paralysis (3).
A spriggan comes into view. It is wielding a +0 dagger.
You block the spriggan rider's attack.
You miss the spriggan druid.
The spriggan druid is heavily wounded.
The bunyip seems to regain its courage.
The spriggan druid points at you and mumbles some strange words.
The stone arrow hits you!
* * * LOW HITPOINT WARNING * * *
You block the spriggan rider's attack.
Okay, then.
Unknown command.
Unknown command.
Unknown command.
Unknown command.
Unknown command.
Unknown command.
Are you sure you want to shaft yourself?
The bunyip claws you but does no damage.
You block the bunyip's attack. The bunyip claws you.
* * * LOW HITPOINT WARNING * * *
The swamp worm fires a harpoon shot at the bunyip.
The harpoon shot hits the bunyip.
The spriggan druid hits you with a +0 quarterstaff.
* * * LOW HITPOINT WARNING * * *
The spriggan rider hits you from afar with a +0 spear.
* * * LOW HITPOINT WARNING * * *
You block the spriggan's attack.
You begin to dig a shaft.
You continue digging a shaft.
You block the spriggan druid's attack. You block the spriggan rider's attack.
The spriggan hits you with a +0 rapier.
You die...

,,~~~,,*+*,****,,,,,,,,**
,,,,~,,*,,,*,,*,,~,~~~**
**,**,,*,,,..,#..~,*,,,*
*~,,*,,*,,,#.##..~***,**
**,,,,,**,,#..#..♣**~,,*
*,,~,,*,,,#.....♣ **,****
**.~~..*,,,#..#ii♣♣*,***~*
..~~~..#######..i!♣*,,**,*
~.~.~.........Fx@i♣*,~**~*
~~~~~~.........♣w~~♣,,**~****
~~.~~~~♣♣..~w.♣♣.~~♣,,,~~,,,**
~~§.~~..♣~~§~♣♣..~...,,,****,*
~~~†.3.†)~~~~♣♣/~.~...,** ***
~~.~~~.~♣~♣~~.♣.~~~.~♣♣*
§~.♣~†F♣♣♣♣♣~♣♣~~~.~~~*
.~.~~~~♣ ♣♣♣,*~~~~~**
~~.~~.{♣♣ **,~~~,***


You could see a bunyip (unable to see you), a tyrant leech (wandering, unable to
see you), a spriggan rider, a spriggan druid, a goliath frog (unable to see
you), a swamp worm (unable to see you) and 2 spriggans.

Vanquished Creatures
  Agnes (Snake:1)
  Kirke (Swamp:1)
  The ghost of Jussuw Iff the Bringer of Law, an adept KoGl of Zin (D:15)
  2 vampire knights (D:15)
  An eleionoma (Swamp:2)
  2 dire elephants (Lair:5)
  3 bunyips
  A minotaur (Gauntlet)
  A shambling mangrove (Swamp:1)
  6 hydras
  4 vault guards (D:14)
  3 catoblepae
  2 ghost crabs (Swamp:2)
  An ogre mage (D:15)
  8 centaur warriors
  11 two-headed ogres
  2 death knights
  3 anacondas (Snake:1)
  A naga warrior (Snake:2)
  2 tengu warriors (D:13)
  3 boulder beetles
  4 alligators
  11 death yaks
  A shock serpent (Snake:1)
  A sun demon (Lair:5)
  6 skeletal warriors
  A death drake (Gauntlet)
  A skyshark (Lair:5)
  A spark wasp zombie (D:15)
  A goliath frog (Swamp:3)
  A spriggan druid (Swamp:2)
  4 naga ritualists
  A bog body (Swamp:2)
  A swamp dragon (Swamp:2)
  A sphinx zombie (D:15)
  2 orc knights
  A necromancer (D:15)
  3 wizards
  A phantasmal warrior (D:15)
  7 mana vipers
  A wolf spider (D:15)
  A deep elf pyromancer (D:15)
  A stone giant zombie (D:15)
  4 cyclopes
  3 manticores
  19 ugly things
  A moth of wrath (D:9)
  3 will-o-the-wisps
  A salamander (Snake:2)
  5 elephants
  A guardian serpent (D:15)
  14 black mambas
  3 ice statues (IceCv)
  A fire giant skeleton (D:15)
  A torpor snail (Lair:5)
  A centaur zombie (Gauntlet)
  A guardian serpent (shapeshifter) (D:14)
  An orange demon (Lair:5)
  10 cane toads
  2 gargoyles
  A kobold demonologist (D:6)
  6 rime drakes
  4 ice devils (Lair:5)
  An efreet (D:14)
  10 komodo dragons
  2 anaconda simulacra (IceCv)
  A tengu conjurer (D:14)
  3 trolls
  A bloated husk (Swamp:3)
  A red devil (Lair:5)
  3 meliai (D:15)
  A polar bear (Lair:5)
  7 tyrant leeches
  8 hornets
  A raiju (Gauntlet)
  Grinder (D:3)
  A blink frog (shapeshifter) (D:13)
  9 blink frogs
  A meliai zombie (Gauntlet)
  4 dream sheep (Lair:5)
  8 slime creatures
  An ettin zombie (D:15)
  5 wraiths
  Sigmund (D:6)
  A fire giant simulacrum (D:15)
  5 spriggans
  2 vampires
  A spriggan skeleton (D:15)
  6 wyverns
  A water elemental (D:14)
  A basilisk (shapeshifter) (D:14)
  4 basilisks
  67 yaks
  5 hogs (Swamp:1)
  2 steam dragons
  Menkaure (D:6)
  5 vampire mosquitoes
  10 swamp worms
  An acid dragon (D:10)
  3 wargs
  17 water moccasins
  A naga (Snake:1)
  4 hell hounds (Lair:5)
  A hornet zombie (Gauntlet)
  An ice beast (D:7)
  27 orc warriors
  5 black bears
  6 ogres
  An ettin simulacrum (D:15)
  14 wolves
  8 centaurs
  10 bullfrogs
  A kobold brigand (D:5)
  2 gnoll sergeants
  5 necrophages (Lair:3)
  7 scorpions
  A cane toad simulacrum (IceCv)
  12 wights
  2 elephant simulacra (IceCv)
  12 killer bees
  4 howler monkeys
  7 orc priests
  A hound (D:6)
  12 jellies
  A sleepcap (D:6)
  5 iguanas
  6 hell rats
  14 orc wizards
  A polar bear simulacrum (IceCv)
  Terence (D:3)
  2 wolf simulacra (IceCv)
  22 gnolls
  9 adders
  5 river rats (Lair:2)
  3 shadow imps
  4 white imps
  A worm (D:9)
  3 dart slugs
  45 orcs
  20 endoplasms
  4 giant cockroaches (D:9)
  9 goblins
  9 hobgoblins
  46 kobolds
  3 quokkas
  4 ball pythons
  3 bats
  4 frilled lizards
  13 rats
  4 butterflies (D:9)
780 creatures vanquished.

Vanquished Creatures (collateral kills)
  5 hydras
  2 spriggan druids (Swamp:3)
  A smoke demon (Lair:5)
  An ice devil (Lair:5)
  A slime creature (D:14)
  A swamp worm (Swamp:3)
  A water moccasin (Lair:2)
  3 hell rats (Lair:2)
  A river rat (Lair:2)
  A rat (Lair:2)
17 creatures vanquished.

Vanquished Creatures (others)
  A bloated husk (Swamp:2)
  A centaur (Orc:2)
  10 foxfires
12 creatures vanquished.

Grand Total: 809 creatures vanquished

Notes
Turn   | Place    | Note
-------+----------+-------------------------------------------
     0 | D:1      | Dadbod the Formicid Fighter began the quest for the Orb.
     0 | D:1      | Reached XP level 1. HP: 18/18 MP: 1/1
   213 | D:1      | Reached XP level 2. HP: 24/24 MP: 2/2
   842 | D:2      | Reached XP level 3. HP: 30/30 MP: 3/3
  1613 | D:3      | Reached XP level 4. HP: 34/37 MP: 4/4
  1654 | D:3      | Found a faded altar of an unknown god.
  1726 | D:3      | Noticed Terence
  1727 | D:3      | Noticed a bullfrog
  1740 | D:3      | You fall into a shaft and drop 1 floor!
  1870 | D:4      | Found a glowing silver altar of Zin.
  1941 | D:4      | Identified the +2 chain mail of Tender Moments {Will+
                  | Stlth+}
  2019 | D:4      | Noticed a black bear
  2025 | D:4      | Killed a black bear
  2026 | D:4      | Reached XP level 5. HP: 42/42 MP: 5/5
  2062 | D:4      | Noticed superbruh's ghost (amateur MiHu)
  2063 | D:4      | Found a runed translucent door.
  2082 | D:4      | Reached XP level 6. HP: 47/48 MP: 6/6
  2276 | D:4      | Reached skill level 5 in Shields
  2498 | D:4      | Reached skill level 5 in Maces & Flails
  2552 | D:3      | Killed Terence
  2553 | D:3      | Reached XP level 7. HP: 45/54 MP: 7/7
  2577 | D:3      | Found a sparkling altar of Nemelex Xobeh.
  2667 | D:3      | Found an ancient bone altar of Kikubaaqudgha.
  2667 | D:3      | Found a shimmering blue altar of Sif Muna.
  2669 | D:3      | Found a basalt altar of Yredelemnul.
  2669 | D:3      | Found a stormy altar of Qazlal.
  2709 | D:3      | Found a broken altar of Ashenzari.
  2817 | D:3      | Noticed Grinder
  2856 | D:3      | Killed Grinder
  2857 | D:3      | Reached skill level 1 in Dodging
  3063 | D:4      | Found a hide-covered altar of Uskayaw.
  3243 | D:5      | Entered Level 5 of the Dungeon
  3453 | D:5      | Reached XP level 8. HP: 61/61 MP: 8/8
  3491 | D:5      | Reached skill level 5 in Armour
  3599 | D:5      | Noticed a wraith
  3616 | D:5      | Killed a wraith
  3617 | D:5      | Reached skill level 1 in Evocations
  3713 | D:5      | Reached skill level 1 in Throwing
  3843 | D:5      | Found a shimmering altar of Xom.
  4715 | D:5      | Reached XP level 9. HP: 65/67 MP: 9/9
  4925 | D:6      | Found a staircase to the Ecumenical Temple.
  4940 | Temple   | Entered the Ecumenical Temple
  4996 | Temple   | Became a worshipper of Makhleb the Destroyer
  5091 | D:6      | Noticed an oklob plant
  5120 | D:6      | Reached skill level 5 in Fighting
  5329 | D:6      | Noticed Sigmund
  5345 | D:6      | Killed Sigmund
  5365 | D:6      | Noticed Menkaure
  5388 | D:6      | Killed Menkaure
  5389 | D:6      | Reached skill level 1 in Invocations
  5712 | D:6      | Noticed a kobold demonologist
  5731 | D:6      | Noticed a hellwing
  5738 | D:6      | Noticed a rust devil
  5767 | D:6      | Noticed a smoke demon
  5771 | D:6      | You fall into a shaft and drop 2 floors!
  5969 | D:8      | Noticed a two-headed ogre
  6011 | D:8      | Found Qeotia's Assorted Antiques.
  6068 | D:7      | Reached * piety under Makhleb
  6396 | D:6      | Killed a kobold demonologist
  6626 | D:7      | Found a radiant altar of Vehumet.
  6798 | D:6      | Reached XP level 10. HP: 71/72 MP: 12/12
  6864 | D:7      | Reached skill level 10 in Maces & Flails
  7131 | D:7      | Gained mutation: You are dopey. (Int -2) [potion of
                  | mutation]
  7132 | D:7      | Lost mutation: You are dopey. (Int -2) [potion of mutation]
  7132 | D:7      | Gained mutation: You are weak. (Str -2) [potion of
                  | mutation]
  7400 | D:8      | HP: 2/73 [two-headed ogre/+0 giant club (16)]
  7404 | D:8      | Killed a two-headed ogre
  7827 | D:8      | Bought the +4 consecrated labrys {holy, Valiant Fragile Fly
                  | SInv} for 663 gold pieces
  7827 | D:8      | Found the +4 consecrated labrys {holy, Valiant Fragile Fly
                  | SInv}
  7843 | D:8      | Reached skill level 1 in Axes
  8129 | D:8      | Reached skill level 2 in Axes
  8208 | D:8      | Reached ** piety under Makhleb
  8217 | D:8      | Reached skill level 3 in Axes
  8765 | D:9      | Noticed a two-headed ogre
  8811 | D:9      | Found Roas's Assorted Antiques.
  8821 | D:9      | Found Calu's Antique Armour Shop.
  8844 | D:9      | Found Vegul's Antique Weapon Boutique.
  8854 | D:9      | Noticed a two-headed ogre
  8864 | D:9      | Killed a two-headed ogre
  8865 | D:9      | Reached skill level 5 in Axes
  8865 | D:9      | Reached XP level 11. HP: 80/80 MP: 13/13
  9046 | D:9      | Reached skill level 6 in Axes
  9127 | D:9      | Noticed a two-headed ogre
  9151 | D:9      | Killed a two-headed ogre
  9152 | D:9      | Reached skill level 7 in Axes
  9172 | D:9      | Found Oguufoimn's General Store.
  9195 | D:9      | Found Xulyciv's Magic Scroll Shoppe.
  9239 | D:9      | Found a runed translucent door.
  9263 | D:9      | Found a runed translucent door.
  9308 | D:9      | Reached skill level 8 in Axes
  9391 | D:9      | Reached *** piety under Makhleb
  9481 | D:9      | Noticed a moth of wrath
  9505 | D:9      | Found a bloodstained altar of Trog.
  9523 | D:9      | Killed a two-headed ogre
  9557 | D:9      | Killed a moth of wrath
  9558 | D:9      | Reached skill level 9 in Axes
  9847 | D:10     | Entered Level 10 of the Dungeon
  9971 | D:10     | Found a staircase to the Orcish Mines.
  9990 | D:10     | Found Enamm's Armour Shop.
 10051 | D:10     | Found a white marble altar of Elyvilon.
 10067 | D:10     | Noticed an elephant
 10086 | D:10     | Killed an elephant
 10104 | D:10     | Found a staircase to the Lair.
 10238 | D:10     | Found an iron altar of Okawaru.
 10352 | D:10     | Found a glowing golden altar of the Shining One.
 10701 | D:11     | Noticed a brown ugly thing
 10714 | D:11     | Killed a brown ugly thing
 10715 | D:11     | Reached skill level 10 in Axes
 11154 | D:11     | Noticed a cyclops
 11169 | D:11     | Killed a cyclops
 11170 | D:11     | Reached XP level 12. HP: 74/86 MP: 14/14
 11616 | Orc:1    | Entered Level 1 of the Orcish Mines
 11632 | Orc:1    | Reached **** piety under Makhleb
 11943 | Orc:2    | Entered Level 2 of the Orcish Mines
 12006 | Orc:2    | Found a staircase to the Elven Halls.
 12063 | Orc:2    | Noticed a centaur warrior
 12379 | Orc:1    | Killed a centaur warrior
 12710 | Orc:2    | Reached skill level 11 in Axes
 13031 | Orc:2    | Noticed a centaur warrior
 13437 | Orc:2    | Killed a centaur warrior
 13648 | D:9      | Bought a pair of embroidered boots for 202 gold pieces
 13678 | D:9      | Bought a potion of curing for 81 gold pieces
 13678 | D:9      | Bought a potion of might for 108 gold pieces
 13719 | D:9      | Bought a potion of curing for 36 gold pieces
 13719 | D:9      | Bought a wand of roots (6) for 172 gold pieces
 13719 | D:9      | Bought a scroll of identify for 24 gold pieces
 13736 | D:9      | Bought a scroll of magic mapping for 127 gold pieces
 14062 | Orc:2    | Reached skill level 5 in Evocations
 14718 | Orc:2    | Found Akluopha's Antique Weapon Shoppe.
 14718 | Orc:2    | Found Itooz's Jewellery Shop.
 14720 | Orc:2    | Found Nitaf's Assorted Antiques.
 14722 | Orc:2    | Found Ytiaca's Magic Scroll Emporium.
 14840 | Orc:2    | Reached ***** piety under Makhleb
 14900 | Lair:1   | Entered Level 1 of the Lair of Beasts
 14973 | Lair:1   | Reached XP level 13. HP: 85/93 MP: 16/16
 15171 | Lair:1   | Reached skill level 1 in Stealth
 15270 | Lair:1   | Noticed an eight-headed hydra
 15313 | Lair:1   | Killed an eight-headed hydra
 15314 | Lair:1   | Reached skill level 12 in Axes
 15762 | Lair:2   | Reached skill level 5 in Invocations
 15764 | Lair:2   | Noticed an eight-headed hydra
 15775 | Lair:2   | Killed an eight-headed hydra
 15949 | Lair:2   | Found a staircase to the Snake Pit.
 15970 | Lair:2   | Reached skill level 13 in Axes
 16426 | Lair:2   | Noticed a five-headed hydra
 16434 | Lair:2   | Killed a five-headed hydra
 16873 | Lair:3   | Reached ****** piety under Makhleb
 17321 | Lair:3   | Found a staircase to the Swamp.
 17329 | Lair:3   | Reached XP level 14. HP: 56/99 MP: 18/18
 17542 | Lair:3   | You are sucked into a shaft and drop 2 floors!
 17542 | Lair:5   | Entered Level 5 of the Lair of Beasts
 17559 | Lair:5   | Found a gate leading to a gauntlet.
 17574 | Lair:5   | Reached skill level 14 in Axes
 17574 | Lair:5   | Reached skill level 5 in Throwing
 17673 | Gauntlet | Entered a Gauntlet
 17673 | Gauntlet | Found a transporter.
 17673 | Gauntlet | Found a transporter.
 17676 | Gauntlet | Found a transporter.
 17676 | Gauntlet | Found a transporter.
 17679 | Gauntlet | Found a transporter.
 17693 | Gauntlet | Found a transporter.
 17695 | Gauntlet | Found a transporter.
 17707 | Gauntlet | Found a transporter.
 17799 | Gauntlet | Found a transporter.
 17809 | Gauntlet | Found a transporter.
 17813 | Gauntlet | Found a transporter.
 17823 | Gauntlet | Found a transporter.
 17886 | Gauntlet | Identified the +0 pair of boots of Negation {rPois Str+4}
 18054 | Gauntlet | Identified the +2 cloak of Hepliaklqana's Whim {+Blink rF-
                  | Int+3}
 18084 | Gauntlet | Identified the +2 ring mail of Shielding {Rampage Str+7
                  | Int+4 SInv Stlth-}
 18084 | Gauntlet | Noticed a minotaur
 18090 | Gauntlet | Killed a minotaur
 18111 | Gauntlet | Got Haetul's Compendium of Permutations
 18113 | Gauntlet | Identified the +1 flail "Vegusouf" {flame, *Corrode +Blink
                  | rN+ Dex+3}
 18133 | Lair:5   | Found a frozen archway.
 18155 | IceCv    | Entered an ice cave
 18468 | IceCv    | Reached skill level 15 in Axes
 18950 | Lair:5   | Found a staircase to the Slime Pits.
 18995 | Lair:5   | Found a viscous altar of Jiyva.
 19678 | Lair:5   | Noticed a dire elephant
 19694 | Lair:5   | Killed a dire elephant
 19695 | Lair:5   | Reached skill level 5 in Dodging
 19708 | Lair:5   | Noticed a dire elephant
 19722 | Lair:5   | Killed a dire elephant
 19880 | Lair:5   | Reached XP level 15. HP: 103/105 MP: 20/20
 19903 | Lair:5   | Found a burning altar of Makhleb.
 19942 | Lair:5   | Found a gateway to Hell.
 20667 | Lair:4   | Reached skill level 16 in Axes
 22147 | Orc:2    | Bought an amulet of reflection for 450 gold pieces
 23142 | D:13     | Found Faphuit's Antique Armour Emporium.
 23157 | D:13     | You are sucked into a shaft and drop 1 floor!
 23425 | D:14     | Reached skill level 10 in Armour
 23579 | D:13     | Found Dixkamo's Book Emporium.
 23723 | D:13     | Found Fegaodo's Armour Shoppe.
 23802 | D:13     | Found Ojukhy's Antique Armour Emporium.
 23806 | D:13     | Bought a glowing cloak for 255 gold pieces
 24154 | D:13     | Reached XP level 16. HP: 98/116 MP: 21/21
 24226 | D:13     | Found Vatenuor's Distillery.
 25004 | D:14     | Found a gate to the Vaults.
 25604 | D:15     | Entered Level 15 of the Dungeon
 25723 | D:15     | Reached skill level 17 in Axes
 25729 | D:15     | Reached skill level 5 in Stealth
 25808 | D:15     | Reached skill level 10 in Evocations
 25868 | D:15     | Found a staircase to the Depths.
 26470 | D:15     | Found a transporter.
 26472 | D:15     | Noticed Jussuw Iff's ghost (adept KoGl)
 26704 | D:15     | Identified the +5 ring mail of the Bagpipe {Dex+5}
 26775 | D:15     | Found a transporter.
 26918 | D:15     | Killed Jussuw Iff's ghost
 27416 | Snake:1  | Entered Level 1 of the Snake Pit
 27586 | Snake:1  | Reached XP level 17. HP: 125/126 MP: 22/22
 28309 | Snake:1  | Noticed Agnes
 28319 | Snake:1  | Killed Agnes
 28907 | Swamp:1  | Entered Level 1 of the Swamp
 29257 | Swamp:1  | Found a shimmering altar of Xom.
 29598 | Swamp:1  | Noticed Kirke
 29651 | Swamp:1  | Killed Kirke
 30292 | Swamp:2  | Reached skill level 10 in Shields
 30804 | Swamp:2  | Reached skill level 10 in Fighting
 30973 | Swamp:2  | Reached skill level 18 in Axes
 31512 | Swamp:3  | HP: 6/128 [bunyip[a spriggan druid] (5)]
 31512 | Swamp:3  | HP: 2/128 [spriggan rider/+0 spear[a spriggan druid] (2)]
 31513 | Swamp:3  | Slain by a spriggan

Illustrated notes

Levels and vault maps discovered:
D:1:      ncdulo_wetmaze, layout_loops_cross, serial_bayou_lagoon_a,
          minmay_tetromino_o2
D:2:      layout_loops_corners, hangedman_abyss_or_decor_stabs
D:3:      layout_rooms, mainiacjoe_overflow_catwalk, amcnicky_altar_gilded,
          chequers_temple_overflow_statue_of_worship,
          ebering_ecumenical_altar_rust, hex_tiny, uniq_terence, uniq_grinder
D:4:      layout_basic, mainiacjoe_overflow_six_doors_small, zin_treasury,
          gammafunk_ghost_grave
D:5:      minmay_goblin_kobold_castle, layout_rooms, old_standard_altar
D:6:      lemuel_slime, layout_cave_pods, minmay_temple_entry_offerings,
          uniq_menkaure, uniq_sigmund
D:7:      layout_cave_pools, overflow_temple_1_default
D:8:      layout_loops_ring, serial_shops, shop
D:9:      lemuel_insect_pit, layout_basic, tgw_trog, serial_shops,
          nicolae_shop_stone, shop_statue, shop, shop_statue, shop
D:10:     layout_long_grid, nicolae_overflow_crystal_walls, okawaru_gym_becter,
          mainiacjoe_overflow_surrounded_room, david_lair_generic, orc_david_3
D:11:     layout_irregular_city
D:12:     layout_layer_cave, serial_co_window_serial, co_window_paths_b,
          co_window_paths_b, co_window_paths_a, co_window_corner_a,
          co_window_paths_b, co_window_cross_2, co_window_unsneaky_path_a,
          co_window_2corner, co_window_corner_ca, co_window_2corner,
          co_window_of_opportunity_b, co_window_4corner_b, glass_columns_a,
          glass_columns_a, glass_columns_b, drop_trap
D:13:     layout_gridville, serial_shops, shop, shop,
          nicolae_shop_tiny_waterfront, nicolae_book_shop_shelving,
          kennysheep_little_box, grunt_ogre_cave
D:14:     layout_basic, lightli_vaults_fourway_checkpoint, fountainhead,
          nicolae_figureground_pulse
D:15:     gammafunk_depths_entry_grave, layout_cave_pods,
          gammafunk_ghost_mausoleum, minmay_misc_feat_chi,
          nrook_guardian_serpent_double
Temple:   hellmonk_temple_of_storms
Lair:1:   layout_misc_corridors
Lair:2:   layout_concentric_octagons, minmay_snake_entry_six_corridors,
          kennysheep_abandoned_house
Lair:3:   layout_regular_city, minmay_swamp_entry_wisps, roderic_carrion_pond,
          infiniplex_staircase_pool_2, grunt_megastairs_2
Lair:4:   layout_long_grid, nicolae_lair_grazing_beasts
          [nicolae_sub_lair_graze_edge, nicolae_sub_lair_graze_edge,
          nicolae_sub_lair_graze_edge, nicolae_sub_lair_graze_edge],
          lemuel_fruit_tree
Lair:5:   evil_forest, layout_loops_ring, nicolae_slime_entry_field_trip,
          portal_ice_cave_demonic_guard, gauntlet_entry_generic
Swamp:1:  layout_basic_swamp, lemuel_altar_in_water, swamp_pool2,
          nicolae_swamp_big_swirl, uniq_kirke
Swamp:2:  layout_basic_swamp, nicolae_swamp_tree_designs
Swamp:3:  layout_falls_marsh, evilmike_swamp_ruin_house_1
Snake:1:  layout_rooms, uniq_agnes
Snake:2:  layout_chambers, special_room, uniq_aizul
Orc:1:    layout_caves, serial_shops, basic_altar, hellmonk_bongcloud_opening
Orc:2:    st_orc_rangers, layout_caves, nicolae_orc_jurassic_orc,
          nicolae_orc_rockfall, nicolae_orc_crystal_geode

Skill      XL: |  1  2  3  4  5  6  7  8  9 10 11 12 13 14 15 16 17 |
---------------+----------------------------------------------------+-----
Maces & Flails | 3 4 5 6 7 9 11 | 11.9
Armour         | 4 5 6 7 8 9 10 11 | 11.5
Fighting       | 4 5 6 7 9 10 | 10.1
Shields        | 5 6 7 9 10 | 10.5
Dodging        | 1 2 3 4 5 6 7 |  7.2
Evocations     | 2 3 7 8 9 10 11 | 11.0
Throwing       | 1 2 3 4 5 6 7 |  7.1
Invocations    | 2 3 4 5 6 7 8 |  8.4
Axes           | 5 10 11 13 15 16 17 18 | 18.0
Stealth        | 1 2 4 5 |  5.0

Action                     |  1- 3 |  4- 6 |  7- 9 | 10-12 | 13-15 | 16-18 || total
---------------------------+-------+-------+-------+-------+-------+-------++-------
  Melee: Flail             |    90 |    99 |   408 |    20 |       |       ||   617
         Great mace        |       |       |       |    51 |       |       ||    51
         Labrys            |       |       |       |   416 |   877 |   713 ||  2006
  Throw: Dart              |       |       |     6 |    10 |     9 |       ||    25
         Javelin           |       |       |       |       |    11 |    12 ||    23
         Boomerang         |       |       |       |       |       |     1 ||     1
 Invoke: Lesser Servant of |       |       |       |       |       |     2 ||     2
Ability: Shaft Self        |       |     1 |     1 |       |     1 |     1 ||     4
         Dig               |       |       |     1 |     2 |     2 |     1 ||     6
  Evoke: Wand              |       |       |     9 |    10 |    31 |    11 ||    61
         Phantom mirror    |       |       |       |       |     4 |     3 ||     7
         Box of beasts     |       |       |       |       |     2 |     2 ||     4
         Condenser vane    |       |       |       |       |     1 |     2 ||     3
         Phial of floods   |       |       |       |       |     1 |     1 ||     2
    Use: Scroll            |     7 |     3 |     7 |    10 |     4 |     4 ||    35
         Potion            |       |     1 |     7 |     6 |     4 |     6 ||    24
   Stab: Paralysed         |       |       |     3 |    20 |     4 |     6 ||    33
         Distracted        |       |       |       |       |       |     1 ||     1
 Armour: Scale mail        |    41 |     7 |       |    10 |       |       ||    58
         Chain mail        |       |    32 |   149 |   154 |       |    14 ||   349
         Skin              |       |       |    73 |       |       |       ||    73
         Plate armour      |       |       |       |    91 |   285 |   188 ||   564
  Dodge: Dodged            |    38 |    53 |   147 |   224 |   166 |   150 ||   778
  Block: Buckler           |    30 |    38 |   114 |   134 |    41 |       ||   357
         Kite shield       |       |       |       |       |   233 |   473 ||   706
         Reflection        |       |       |       |       |     2 |    23 ||    25
